 Dungeon Crawl Stone Soup version 0.30-a0-165-g1891117ce2 (webtiles) character file.

Game seed: 5705140868079558875

3 IdlyInterested the Slasher (level 1, -2/16 HPs)
             Began as a Demonspawn Gladiator on Sept 28, 2022.
             Slain by a kobold
             ... wielding a +0 club
              (4 damage)
             ... on level 1 of the Dungeon.
             The game lasted 00:00:47 (262 turns).

IdlyInterested the Slasher (Demonspawn Gladiator)    Turns: 262, Time: 00:00:47

Health: -2/16      AC:  4    Str: 14    XL:     1   Next: 41%
Magic:  1/1        EV: 12    Int:  9    God:
Gold:   0          SH:  0    Dex: 14    Spells: 0/0 levels left

rFire   . . .      SeeInvis .    a - +0 long sword
rCold   . . .      Faith    .    (no shield)
rNeg    . . .      Spirit   .    b - +0 leather armour
rPois   .          Reflect  .    c - +0 helmet
rElec   .          Harm     .    (no cloak)
rCorr   .          Rampage  .    (no gloves)
Will    .....                    (no boots)
Stlth   +.........               (no amulet)
HPRegen 0.05/turn                (no ring)
MPRegen 0.07/turn                (no ring)

@: no status effects
A: no striking features
a: no special abilities


You were on level 1 of the Dungeon.
You visited 1 branch of the dungeon, and saw 1 of its levels.

Inventory:

Hand Weapons
 a - a +0 long sword (weapon)
Missiles
 d - 3 throwing nets (quivered)
 e - a javelin
Armour
 b - a +0 leather armour (worn)
 c - a +0 helmet (worn)
Scrolls
 f - a scroll of silence {unknown}


   Skills:
 - Level 2.0 Fighting
 + Level 2.8 Long Blades
 - Level 1.7 Throwing
 + Level 2.8 Dodging


You couldn't memorise any spells.
You didn't know any spells.
Your spell library was empty.

Dungeon Overview and Level Annotations

Branches:
Dungeon (1/15)

Altars:


Message History

f - a scroll labelled HICERRA REESI A kobold comes into view.
It is wielding a +0 club.
The kobold shouts!
Found a scroll labelled AFRIFIUCKE.
A rat comes into view.
The kobold hits you with a +0 club.
You hit the kobold but do no damage. The kobold hits you but does no damage.
The kobold barely misses you.
You hit the kobold but do no damage. The kobold hits you with a +0 club.
The rat twitches its whiskers.
You closely miss the kobold. The kobold hits you with a +0 club.
The rat twitches its whiskers.
You closely miss the kobold. The kobold misses you.
You barely miss the kobold. The kobold closely misses you. The rat bites you.
The rat closely misses you. The kobold closely misses you.
A rat comes into view.
The kobold misses you. The rat attacks as you move away!
The rat closely misses you.
Found a stone staircase leading down.
You hit the rat but do no damage. The rat bites you.
You hit the rat.
The rat is heavily wounded.
The rat completely misses you.
You slash the rat!
You kill the rat!
You closely miss the kobold. The kobold closely misses you. The rat bites you.
The kobold closely misses you.
You miss the kobold. The rat misses you. The kobold hits you with a +0 club.
You barely miss the kobold. The rat closely misses you.
The kobold closely misses you.
You hit the kobold but do no damage. The rat bites you.
The kobold closely misses you.
You barely miss the kobold. The rat barely misses you.
The kobold hits you with a +0 club.
* * * LOW HITPOINT WARNING * * *
The rat barely misses you. The kobold hits you with a +0 club.
* * * LOW HITPOINT WARNING * * *
You hit the kobold but do no damage. The rat closely misses you.
The kobold hits you with a +0 club.
You die...

.#######..#.###?.#
#......#..#
#..#.#.#..#
#......#..#
#.##...#..#
#......#..####..
#.##...........#
...##.#.#K##.##..
#### #.#.#@#
#..(.r.....#
#...#.....>...
.......#####...
###.#.## ## #.#.
#. #.


You could see a kobold and a rat.

Vanquished Creatures
  A hobgoblin (D:1)
  A ball python (D:1)
  A kobold (D:1)
  A rat (D:1)
4 creatures vanquished.

Notes
Turn   | Place    | Note
-------+----------+-------------------------------------------
     0 | D:1      | IdlyInterested the Demonspawn Gladiator began the quest for
                  | the Orb.
     0 | D:1      | Reached XP level 1. HP: 16/16 MP: 1/1
   262 | D:1      | Slain by a kobold

Illustrated notes

Levels and vault maps discovered:
D:1:      dreamdust_arrival_beginning_and_end, layout_loops_ring,
          minmay_tromino_i2

Action                   || total
-------------------------++-------
Melee: Long sword        ||    28
       Punch             ||     1
Armor: Leather armour    ||     7
Dodge: Dodged            ||    22

Table legend: (Time is in decaauts)
 A = Elapsed time spent in this place.
 B = Non-inter-level travel time spent in this place.
 C = Inter-level travel time spent in this place.
 D = Time resting spent in this place.
 E = Time spent auto-exploring this place.
 F = Levels seen in this place.
 G = Mean time per level.
                   A        B        C        D        E       F      G
               +--------+--------+--------+--------+--------+-----+--------+
         Total |    269 |    269 |      0 |    180 |     37 |   1 |  269.0 |
       Dungeon |    269 |    269 |      0 |    180 |     37 |   1 |  269.0 |
               +--------+--------+--------+--------+--------+-----+--------+

Top non-repeatable levels by time:
     D:1: 269 daAuts
